 Dungeon Crawl Stone Soup version 0.30-a0-719-gcc4359ea44 (webtiles) character file.

Game seed: 13631337028412453278

58 Salm0nsnak3 the Ducker (level 4, 0/34 HPs)
             Began as a Merfolk Gladiator on Dec 7, 2022.
             Succumbed to an orc's poison
             ... on level 3 of the Dungeon on Jan 26, 2023.
             The game lasted 00:14:28 (2709 turns).

Salm0nsnak3 the Ducker (Merfolk Gladiator)          Turns: 2709, Time: 00:14:28

Health: 0/34       AC:  4    Str: 15 (16) XL:     4   Next: 2%
Magic:  13/13      EV: 13    Int:  5 (7)  God:
Gold:   125        SH:  0    Dex: 13 (15) Spells: 3/3 levels left

rFire   . . .      SeeInvis .    a - +0 long sword
rCold   . . .      Faith    .    (no shield)
rNeg    . . .      Spirit   .    b - +0 leather armour
rPois   .          Reflect  .    c - +0 helmet
rElec   .          Harm     .    (no cloak)
rCorr   .          Rampage  .    (no gloves)
Will    .....                    (no boots)
Stlth   +                        (no amulet)
HPRegen 0.25/turn                i - ring of magical power
MPRegen 0.13/turn                (no ring)

@: lethally poisoned (0 -> -4)
A: (nimble swimmer 2), mertail, sturdy frame 1, noise suppression
a: no special abilities


You were on level 3 of the Dungeon.
You visited 1 branch of the dungeon, and saw 3 of its levels.

You collected 125 gold pieces.

Inventory:

Hand Weapons
 a - a +0 long sword (weapon)
Missiles
 d - 3 throwing nets (quivered)
 e - a javelin
Armour
 b - a +0 leather armour (worn)
 c - a +0 helmet (worn)
 g - a +0 helmet
Jewellery
 i - a ring of magical power (left hand)
 p - a ring of poison resistance
Scrolls
 j - a scroll of fog
 l - a scroll of identify
 o - a scroll of vulnerability
Potions
 f - a potion of degeneration
 k - a potion of cancellation {unknown}
 m - a potion of resistance
 n - 2 potions of magic {unknown}


   Skills:
 + Level 2.3 Fighting
 + Level 4.7 Long Blades
 + Level 2.3 Throwing
 + Level 0.1 Armour
 + Level 4.8 Dodging
 + Level 0.2 Stealth


You had 3 spell levels left.
You didn't know any spells.
Your spell library contained the following spells:

 Spells                   Type           Power      Damage    Failure   Level
 Inner Flame              Hex/Fire       0%         N/A       86%         3
 Cause Fear               Hex            0%         N/A       99%         4
 Metabolic Englaciation   Hex/Ice        0%         N/A       100%        5
 Discord                  Hex            0%         N/A       100%        8


Dungeon Overview and Level Annotations

Branches:
Dungeon (3/15)

Altars:
Makhleb

Shops:
D:2 *


Innate Abilities, Weirdness & Mutations

((You are very nimble when in or above water. (Stealth+, EV+, Speed+++)))
Your lower body shifts to a powerful aquatic tail in water.
Your movements are slightly less encumbered by armour. (ER -2)
You passively dampen the noise of your surroundings.


Message History

You closely miss the adder.
The adder is almost dead.
You feel sick. The adder misses you.
You slash the adder!
You kill the adder!
You feel sick.
You feel your strength returning.
You have reached level 4!
You feel better.
You slash the goblin!
You kill the goblin!
Things that are here:
a +0 dagger; a goblin corpse An orc comes into view.
It is wielding a +0 dagger.
The orc shouts!
An orc comes into view. It is wielding a +0 flail.
The orc shouts!
The orc closely misses you.
An orc comes into view.
It is wielding a +3 mace and quivering poisoned darts.
The orc hits you but does no damage. The orc closely misses you.
The orc misses you.
The orc shouts!
An orc comes into view. It is wielding a +0 whip.
The orc closely misses you. The orc hits you with a +0 dagger.
The orc shouts!
The orc throws a poisoned dart.
The poisoned dart hits you!
You are poisoned.
The orc hits you but does no damage.
You feel sick. The orc closely misses you. The orc barely misses you.
You feel sick. The orc hits you with a +0 flail!
The orc hits you with a +3 mace. The orc hits you but does no damage.
You feel sick. The orc hits you with a +0 flail.
* * * LOW HITPOINT WARNING * * *
The orc hits you with a +0 dagger.
* * * LOW HITPOINT WARNING * * *
The orc throws a boomerang.
The boomerang hits you.
* * * LOW HITPOINT WARNING * * *
You barely miss the orc.
You die...

#.....≈≈≈≈≈≈≈≈≈,***
#.....≈.......≈,,,*
#)....≈..≈≈≈≈.≈,*,*
#.....≈.≈...≈.≈,*,*
#.....≈.≈._.≈.≈,*,*
#.....≈.≈...§§≈,,,*
#...o.≈.≈≈≈≈~,~,*,***
#..o..≈.....,,~,,,,,,
#..o@o.≈≈≈≈≈~~~,,****
#####.......,,,,,*<,,
*#######,,,,,****
******* * * * * * *


You could see 4 orcs.

Vanquished Creatures
  An adder (D:3)
  2 worms
  2 dart slugs
  8 endoplasms
  6 goblins
  4 hobgoblins
  3 ball pythons
  3 bats
  3 frilled lizards
  2 kobolds
  4 rats
38 creatures vanquished.

Notes
Turn   | Place    | Note
-------+----------+-------------------------------------------
     0 | D:1      | Salm0nsnak3 the Merfolk Gladiator began the quest for the
                  | Orb.
     0 | D:1      | Reached XP level 1. HP: 16/16 MP: 1/1
   244 | D:1      | Reached XP level 2. HP: 22/22 MP: 2/2
   779 | D:1      | Upgraded the game from 0.30-a0-395-gfe72c296f8 to
                  | 0.30-a0-719-gcc4359ea44
  1077 | D:2      | Found Exyosch's General Store.
  1091 | D:2      | Reached XP level 3. HP: 28/28 MP: 3/3
  1872 | D:2      | Gained mutation: You passively dampen the noise of your
                  | surroundings. [potion of mutation]
  1872 | D:2      | Gained mutation: Your movements are slightly less
                  | encumbered by armour. (ER -2) [potion of mutation]
  2426 | D:3      | Got the Vellum of the Curse
  2642 | D:3      | Found a burning altar of Makhleb.
  2666 | D:3      | Reached XP level 4. HP: 10/34 MP: 4/4
  2709 | D:3      | Succumbed to an orc's poison

Illustrated notes

Levels and vault maps discovered:
D:1:      mrwooster_arrival_statue_3, layout_loops_corners
D:2:      layout_basic, serial_shops, nicolae_square_shop
D:3:      layout_basic, mainiacjoe_overflow_concentric_impassable

Skill      XL: |  1  2 |
---------------+-------+-----
Long Blades    | 4 |  4.7
Fighting       | |  2.3
Throwing       | |  2.3
Armour         | |  0.1
Dodging        | |  4.8
Stealth        | |  0.2

Action                     |  1- 3 |  4- 6 || total
---------------------------+-------+-------++-------
  Melee: Long sword        |    96 |     2 ||    98
  Throw: Throwing net      |     1 |       ||     1
    Use: Potion            |     6 |     1 ||     7
         Scroll            |     6 |       ||     6
 Armour: Leather armour    |    33 |     3 ||    36
  Dodge: Dodged            |    90 |     6 ||    96

Table legend: (Time is in decaauts)
 A = Elapsed time spent in this place.
 B = Non-inter-level travel time spent in this place.
 C = Inter-level travel time spent in this place.
 D = Time resting spent in this place.
 E = Time spent auto-exploring this place.
 F = Levels seen in this place.
 G = Mean time per level.
                   A        B        C        D        E       F      G
               +--------+--------+--------+--------+--------+-----+--------+
         Total |   2726 |   2726 |      0 |      0 |   1134 |   3 |  908.7 |
       Dungeon |   2726 |   2726 |      0 |      0 |   1134 |   3 |  908.7 |
               +--------+--------+--------+--------+--------+-----+--------+

Top non-repeatable levels by time:
     D:1: 974 daAuts
     D:2: 963 daAuts
     D:3: 788 daAuts
